 Dungeon Crawl Stone Soup version 0.23.1 (webtiles) character file.

Game seed: 11116965355779346596

189 night the Insei (level 5, 0/38 HPs)
             Began as a Demonspawn Gladiator on Mar 6, 2019.
             Slain by Grinder (5 damage)
             ... while paralysed by Grinder
             ... on level 3 of the Dungeon.
             The game lasted 00:05:13 (2714 turns).

night the Insei (Demonspawn Gladiator)              Turns: 2714, Time: 00:05:13

Health: 0/38       AC:  6    Str: 19    XL:     5   Next: 40%
Magic:  5/5        EV:  2    Int: 16    God:
Gold:   114        SH:  0    Dex: 14    Spells: 4/4 levels left

rFire    . . .     SeeInvis .     - Unarmed
rCold    . . .     Gourm    .   (no shield)
rNeg     . . .     Faith    .   i - +0 ring mail (curse)
rPois    .         Spirit   .   (helmet restricted)
rElec    .         Reflect  .   (no cloak)
rCorr    .         Harm     .   (no gloves)
MR       .....                  n - +0 pair of boots
Stlth    +.........             (no amulet)
HPRegen  0.12/turn              (no ring)
MPRegen  0.09/turn              (no ring)

@: paralysed, mighty, brilliant, flying
A: horns 2, powered by pain 1
a: no special abilities


You were on level 3 of the Dungeon.
You were hungry.

You visited 1 branch of the dungeon, and saw 3 of its levels.

You collected 114 gold pieces.

Inventory:

Missiles
 b - 40 stones
 c - 2 throwing nets (quivered)
 q - 15 arrows
 r - 26 bolts
Armour
 i - a cursed +0 ring mail (worn)
 n - a +0 pair of boots (worn)
Scrolls
 e - 2 scrolls of remove curse {unknown}
 g - 4 scrolls of enchant armour {unknown}
 j - 2 scrolls of identify {unknown}
 k - a scroll of fog {unknown}
 l - 3 scrolls of noise {unknown}
 o - a scroll of fear {unknown}
Potions
 h - a potion of resistance {unknown}
Comestibles
 d - a ration


   Skills:
 - Level 2.0 Fighting
 - Level 1.7 Throwing
 - Level 2.6 Dodging
 + Level 5.6 Unarmed Combat


You had 4 spell levels left.
You didn't know any spells.
Your spell library was empty.

Dungeon Overview and Level Annotations

Branches:
Dungeon (3/15)

Altars:
Gozag
Uskayaw

Annotations:
D:3 Grinder


Innate Abilities, Weirdness & Mutations

You have a pair of horns on your head.
You sometimes gain a little power by taking damage.


Message History

You feel very buoyant.
You fly up into the air.
Grinder gestures at you. You resist with significant effort.
It was a potion of might.
You feel very mighty all of a sudden. Grinder misses you.
It was a potion of brilliance.
You feel clever all of a sudden. Grinder gestures at you.
You suddenly lose the ability to move!
Grinder says, "What is the universe for?"
Grinder gestures at you. Pain shoots through your body!
* * * LOW HITPOINT WARNING * * *
Grinder hits you but does no damage. Grinder hits you.
* * * LOW HITPOINT WARNING * * *
You writhe in agony.
You die...

#########
#.......#
#.#####5########
#.# #...@......#
#.###.#.######.#
#........##
########.....#
............##
.#########.##
#.# #.# ##'##


You could see Grinder.

Vanquished Creatures
  6 gnolls
  3 adders (D:2)
  3 oozes (D:1)
  A worm (D:2)
  4 dart slugs (D:1)
  2 giant cockroaches
  4 goblins
  14 hobgoblins
  4 jackals (D:2)
  4 quokkas (D:2)
  A ball python (D:1)
  9 bats
  10 frilled lizards
  6 kobolds
  12 rats
83 creatures vanquished.

Notes
Turn   | Place    | Note
-------+----------+-------------------------------------------
     0 | D:1      | night the Demonspawn Gladiator began the quest for the Orb.
     0 | D:1      | Reached XP level 1. HP: 16/16 MP: 1/1
    78 | D:1      | Reached skill level 3 in Unarmed Combat
   101 | D:1      | Gained mutation: You have a pair of small horns on your
                  | head. [demonic ancestry]
   101 | D:1      | Reached XP level 2. HP: 22/22 MP: 2/2
   528 | D:1      | Gained mutation: You have a pair of horns on your head.
                  | [demonic ancestry]
   528 | D:1      | Reached XP level 3. HP: 23/27 MP: 3/3
   715 | D:1      | Reached skill level 4 in Unarmed Combat
  1288 | D:2      | Reached XP level 4. HP: 33/33 MP: 4/4
  1932 | D:2      | Found a hide-covered altar of Uskayaw.
  1938 | D:2      | Reached skill level 5 in Unarmed Combat
  2126 | D:2      | Gained mutation: You sometimes gain a little power by
                  | taking damage. [demonic ancestry]
  2126 | D:2      | Reached XP level 5. HP: 31/38 MP: 5/5
  2188 | D:2      | Found an opulent altar of Gozag.
  2699 | D:3      | Noticed Grinder
  2700 | D:3      | Paralysed by Grinder for 7 turns
  2711 | D:3      | Paralysed by Grinder for 6 turns
  2714 | D:3      | Slain by Grinder

Skill      XL: |  1  2  3  4 |
---------------+-------------+-----
Unarmed Combat | 3 4 5 |  5.6
Fighting       | |  2.0
Throwing       | |  1.7
Dodging        | |  2.6

Action                   |  1- 3 |  4- 6 || total
-------------------------+-------+-------++-------
Melee: Unarmed           |   143 |   114 ||   257
       Punch             |     2 |     1 ||     3
       Headbutt          |    16 |    22 ||    38
Throw: Throwing net      |       |     1 ||     1
  Use: Potion            |       |     3 ||     3
 Stab: Held in net/web   |       |     1 ||     1
  Eat: Chunk             |     1 |     4 ||     5
Armor: Leather armour    |    23 |       ||    23
       Ring mail         |    18 |    31 ||    49
Dodge: Dodged            |    67 |    65 ||   132
